Map: Ruins of Seras

Players

InZo - Winner!

  • Race: Protoss Protoss
  • League: Diamond

MorN

  • Race: Terran Terran
  • League: Diamond

VOD

Have the link to the VOD?

Description

Time

  • Played on: Nov. 17, 2015, 2:43 a.m.
  • Length: 11:02
Show
View Real Time Build Order
Export as new Build Order

InZo Protoss - Winner!

Build Orders: 1 Gate Expand, Oracle Opening 

Get SALT Encoding   

  12  0:01  Probe (Chrono Boost)  
  13  0:11  Probe (Chrono Boost)  
  14  0:18  Pylon  
  14  0:23  Probe (Chrono Boost)  
  15  0:30  Assimilator  
  15  0:36  Probe (Chrono Boost)  
  16  0:47  Probe (Chrono Boost)  
  17  0:51  Gateway  
  17  0:57  Probe (Chrono Boost)  
  18  1:08  Probe (Chrono Boost)  
  19  1:18  Probe (Chrono Boost)  
  20  1:26  Nexus  
  20  1:35  Pylon  
  20  1:43  Cybernetics Core  
  20  1:46  Probe (Chrono Boost)  
  21  1:54  Assimilator  
  21  1:57  Probe (Chrono Boost)  
  22  2:07  Probe (Chrono Boost)  
  23  2:18  Probe (Chrono Boost)  
  24  2:26  Adept, Warp Gate  
  24  2:29  Mothership Core (Chrono Boost)  
  28  2:42  Pylon  
  28  2:47  Probe x2 (Chrono Boost)  
  30  2:57  Probe (Chrono Boost)  
  30  2:58  Probe (Chrono Boost)  
  32  3:02  Adept  
  34  3:06  Stargate  
  34  3:08  Probe x2 (Chrono Boost)  
  36  3:17  Assimilator  
  36  3:18  Probe (Chrono Boost)  
  36  3:19  Probe (Chrono Boost)  
  38  3:29  Probe x2 (Chrono Boost)  
  40  3:40  Probe (Chrono Boost)  
  39  3:51  Oracle (Chrono Boost)  
  39  3:52  Probe  
  39  3:54  Probe  
  44  4:00  Pylon  
  44  4:03  Probe, Pylon  
  44  4:06  Probe  
  44  4:08  Gateway  
  46  4:11  Gateway  
  46  4:13  Probe  
  47  4:17  Pylon  
  47  4:18  Probe  
  48  4:38  Stalker  
  48  5:01  Probe, Oracle (Chrono Boost)  
  48  5:02  Probe  
  48  5:06  Stalker, Assimilator  
  55  5:11  Pylon  
  55  5:13  Probe  
  55  5:14  Gateway  
  55  5:15  Probe, Gateway  
  55  5:17  Gateway  
  55  5:20  Robotics Facility  
  57  5:24  Probe  
  57  5:25  Pylon  
  57  5:27  Pylon  
  58  5:30  Pylon  
  58  5:33  Probe  
  58  5:34  Stalker x2, Probe  
  58  5:35  Stalker  
  65  5:36  Forge  
  66  5:52  Void Ray (Chrono Boost)  
  70  6:09  Twilight Council, Immortal  
  74  6:15  Probe  
  74  6:16  Probe  
  76  6:39  Void Ray (Chrono Boost)  
  80  6:40  Stalker x6  
  92  6:47  Pylon  
  92  6:49  Gateway  
  92  7:02  Warp Prism  
  79  7:42  Stalker x2  
  79  7:43  Stalker x4  
  91  7:48  Void Ray (Chrono Boost)  
  95  7:52  Probe  
  95  7:53  Probe  
  95  8:01  Nexus  
  95  8:05  Probe  
  96  8:10  Adept  
  96  8:11  Adept x5  
  108  8:25  Void Ray (Chrono Boost)  
  92  8:58  Probe  
  92  8:59  Probe  
  92  9:00  Stalker x2  
  92  9:01  Stalker x4  
  104  9:08  Probe  
  100  9:11  Probe  
  102  9:37  Stalker  
  102  9:38  Stalker  
  104  9:40  Probe  
  104  9:41  Probe  
  106  9:53  Void Ray (Chrono Boost)  
  106  9:57  Zealot x4  
  114  10:01  Immortal  
  112  10:25  Stalker  
  112  10:26  Stalker x5  
  122  10:36  Phoenix (Chrono Boost)  
  120  10:59  Gateway  
  120  11:01  Gateway  
Show
View Real Time Build Order
Export as new Build Order

MorN Terran 

Build Orders:  

Get SALT Encoding   

  12  0:00  SCV  
  13  0:13  SCV  
  14  0:18  Supply Depot  
  14  0:25  SCV  
  15  0:39  SCV  
  15  0:41  Barracks  
  16  0:45  Refinery  
  16  0:51  SCV  
  17  1:04  SCV  
  18  1:16  SCV  
  19  1:30  Marine  
  21  1:32  Orbital Command  
  20  1:46  Command Center  
  20  1:49  Marine  
  21  2:01  Factory  
  21  2:04  SCV  
  22  2:09  Marine  
  23  2:21  Supply Depot  
  23  2:42  Marine  
  23  2:43  SCV  
  25  2:44  Factory Tech Lab  
  25  2:55  SCV  
  26  2:59  Orbital Command  
  26  3:01  Marine  
  26  3:05  Cyclone  
  30  3:06  Barracks  
  30  3:09  SCV  
  31  3:20  Bunker, Marine  
  31  3:22  SCV  
  31  3:24  SCV  
  31  3:25  Refinery  
  34  3:34  SCV  
  35  3:36  SCV  
  35  3:55  Barracks Reactor  
  35  3:56  SCV  
  35  3:57  SCV, Starport  
  35  4:01  Factory Tech Lab  
  35  4:02  Engineering Bay  
  37  4:18  Stimpack  
  37  4:29  SCV  
  37  4:30  Marauder  
  40  4:33  Refinery, Missile Turret  
  40  4:45  Marine x2  
  42  4:46  Siege Tank  
  42  4:50  SCV  
  43  5:06  SCV, Barracks  
  44  5:07  Barracks  
  44  5:08  SCV, Missile Turret  
  45  5:16  Supply Depot  
  45  5:17  Supply Depot  
  45  5:20  Liberator  
  45  5:24  Marine  
  46  5:37  SCV x2, Marine  
  46  5:38  Marauder  
  52  5:48  Marine  
  52  5:49  Siege Tank  
  57  5:50  SCV x2  
  57  5:55  Marine  
  58  5:57  Barracks Reactor, Barracks Tech Lab  
  58  6:02  SCV x2, Refinery  
  60  6:06  Marauder  
  62  6:18  Supply Depot  
  62  6:20  Supply Depot x2  
  62  6:21  SCV  
  62  6:40  SCV x2, Medivac, Siege Tank, Marine  
  62  6:41  Marine x2  
  72  6:52  SCV x2  
  72  6:53  Marauder x2  
  78  7:04  SCV x2  
  80  7:09  Barracks Reactor  
  80  7:16  SCV x2  
  80  7:26  Marauder, Marine x2  
  80  7:27  Marauder  
  80  7:28  SCV  
  69  7:42  SCV  
  67  7:44  Marine x2  
  67  7:45  Barracks, Marine  
  67  7:46  Supply Depot  
  67  7:47  Marine  
  67  7:48  Marauder  
  70  8:06  Marine x2, Marauder  
  70  8:09  Marauder  
  76  8:17  Marine  
  76  8:18  Marine  
  78  8:20  Medivac x2  
  77  8:27  Marauder  
  77  8:31  Marauder  
  51  8:49  Marauder  
  51  8:50  Marine x3  
  51  8:52  Marauder, Marine  
  51  8:53  Medivac x2  
  49  9:07  Marine  
  49  9:08  Marine x2  
  47  9:10  Marauder  
  46  9:22  Marine x3  
  47  9:26  Liberator x2  
  47  9:31  Marauder, Marine x2  
  49  9:36  Marine  
  48  9:39  Marine x2  
  48  9:40  Marauder  
  58  9:50  Marine x2  
  58  9:52  Marine  
  60  9:53  Concussive Shells  
  60  10:02  Marauder  
  59  10:11  Marauder, Marine x3  
  55  10:25  Marine x2  
Tags
 
Add a new tag
Caveats
  • Supply blocks, unpowered buildings, or Contaminate may cause inaccurate times.
  • Supply counts are checked every 10 seconds.